AoeStats
← Fluvialgeomorphologist

Arena

506995525Analyzed
4v4 RM · 15d ago on Sep 16, 2026· 46m 39s· 8 players
Game mode
Random Map
Map size
Large (8 player)
Population
200
Speed
Normal
Resources
Standard
Victory
Conquest
Starting age
Dark Age
Ending age
Imperial Age
RankedLock teamsTeams togetherTeam positionsShared explorationLock speedFull tech treeHidden civsTurbo modeCheats
Victory
Defeat
🇺🇸 Malians · United States
866
+18
🇲🇽 Portuguese · Mexico
859
+18
🇵🇪 Koreans · Peru
835
+19
🇺🇸 Franks · United States
784
+21
🇺🇸 Britons · United States
955
-21
🇺🇸 Bohemians · United States
951
-22
🇨🇳 Teutons · China
907
-19
🇨🇱 Byzantines · Chile
785
-14
CHAPO
5:09 Loom
12:17 Feudal Age
13:34 Horse Collar
16:48 Castle Age
15:14 Double-Bit Axe
15:39 Gold Mining
17:44 Bow Saw
18:10 Heavy Plow
23:25 Imperial Age
21:22 Fortified Wall
21:45 Town Watch
22:26 Stone Mining
24:02 Stone Shaft Mining
25:35 Wheelbarrow
25:42 Town Patrol
27:13 Crop Rotation
28:52 Two-Man Saw
29:51 Chemistry
29:02 Padded Archer Armor
29:13 Treadmill Crane
30:40 Masonry
31:18 Hand Cart
33:13 Leather Archer Armor
32:48 Fletching
34:55 Guard Tower
35:26 Ballistics
35:26 Bombard Tower
35:39 Ring Archer Armor
35:05 Bodkin Arrow
36:24 Keep
36:56 Murder Holes
37:32 Architecture
43:52 Conscription
43:41 Bracer
43:52 Forging
43:42 Scale Mail Armor
46:22 Crossbowman
46:23 Elite Skirmisher
47:08 Thumb Ring
47:41 Iron Casting
47:21 Chain Mail Armor
47:11 Scale Barding Armor
46:33 Onager
46:33 Capped Ram
.:sTeeL:.
10:59 Feudal Age
11:31 Double-Bit Axe
12:27 Wheelbarrow
16:18 Stone Mining
18:53 Castle Age
17:51 Forging
17:32 Fletching
17:48 Scale Barding Armor
17:47 Loom
20:10 Hand Cart
20:13 Bow Saw
20:00 Gold Mining
20:03 Town Watch
22:28 Gold Shaft Mining
25:40 Bodkin Arrow
26:21 Iron Casting
26:07 Chain Barding Armor
29:15 Ballistics
28:51 Murder Holes
29:07 Masonry
32:13 Imperial Age
31:09 Husbandry
33:01 Chivalry
33:24 Conscription
32:31 Cavalier
34:17 Blast Furnace
33:53 Plate Barding Armor
33:41 Paladin
35:51 Elite Throwing Axeman
37:07 Hoardings
36:57 #83
38:32 Chemistry
38:10 Architecture
42:16 Scale Mail Armor
42:18 Padded Archer Armor
42:22 Town Patrol
43:22 Squires
42:44 Man-at-Arms
43:10 Arson
Fluvialgeomorphologist
12:14 Feudal Age
10:29 Loom
15:58 Castle Age
13:45 Double-Bit Axe
13:43 Horse Collar
16:51 Heavy Plow
17:04 Bow Saw
20:29 Gold Mining
22:08 Wheelbarrow
27:56 Imperial Age
26:34 Bloodlines
26:25 Husbandry
26:37 Stone Mining
27:30 Light Cavalry
28:26 Forging
28:22 Scale Barding Armor
28:18 Padded Archer Armor
28:08 Fletching
28:19 Scale Mail Armor
28:57 Hand Cart
29:01 Town Watch
29:44 Cavalier
32:08 Chemistry
31:30 Ballistics
31:48 Iron Casting
31:34 Chain Barding Armor
32:04 Crop Rotation
31:27 Fletching
31:53 Leather Archer Armor
32:33 Gold Shaft Mining
33:15 Conscription
32:56 Farimba
33:20 Conscription
33:22 Caravan
33:04 Man-at-Arms
33:44 Squires
34:05 Long Swordsman
35:47 Plate Barding Armor
34:55 Capped Ram
35:03 Two-Handed Swordsman
35:24 Heavy Camel Rider
36:14 Champion
40:42 Ring Archer Armor
40:08 Bodkin Arrow
Sway-lo
1:08 Loom
14:05 Feudal Age
14:43 Double-Bit Axe
14:40 Horse Collar
16:05 Wheelbarrow
18:15 Gold Mining
20:04 Town Watch
23:57 Castle Age
24:38 Heavy Plow
24:50 Bow Saw
25:59 Stone Mining
29:26 Hand Cart
29:13 Town Patrol
30:17 Stone Shaft Mining
30:21 Gold Shaft Mining
31:08 Treadmill Crane
31:50 Ballistics
33:05 Masonry
35:02 Murder Holes
35:18 Fortified Wall
39:47 Imperial Age
37:52 Heated Shot
39:50 Elite War Wagon
40:59 Shinkichon
40:49 Caravan
41:25 Conscription
42:54 Chemistry
42:00 Siege Engineers
45:12 Fletching
45:28 Scale Barding Armor
46:01 Eupseong
45:59 Bodkin Arrow
D4RKK
3:18 Loom
10:30 Feudal Age
12:23 Double-Bit Axe
19:09 Castle Age
17:14 Horse Collar
20:47 Wheelbarrow
20:20 Padded Archer Armor
20:11 Fletching
21:49 Leather Archer Armor
22:19 Bow Saw
26:24 Treadmill Crane
26:08 Pikeman
26:55 Bodkin Arrow
28:48 Chemistry
29:58 Ballistics
29:50 Wagenburg Tactics
30:29 Heavy Plow
33:24 Hand Cart
34:04 Fortified Wall
33:59 Scale Mail Armor
34:07 Scale Barding Armor
37:47 Imperial Age
39:22 Elite Hussite Wagon
44:17 Ring Archer Armor
43:48 Bracer
Pheonix
11:45 Feudal Age
16:26 Castle Age
14:37 Double-Bit Axe
14:48 Horse Collar
17:19 Loom
18:00 Bow Saw
17:52 Heavy Plow
18:55 Gold Mining
22:48 Gold Shaft Mining
23:07 Fletching
23:18 Padded Archer Armor
23:12 Stone Mining
25:27 Wheelbarrow
24:38 Town Watch
25:18 Bodkin Arrow
25:39 Leather Archer Armor
25:30 Scale Mail Armor
28:13 Chain Mail Armor
32:17 Imperial Age
30:03 Hand Cart
30:09 Hand Cart
29:55 Town Patrol
30:54 Forging
31:18 Pikeman
31:58 Squires
31:44 Gambesons
33:23 Elite Longbowman
34:24 Conscription
34:04 Warwolf
34:41 Hoardings
33:48 Halberdier
36:10 Ballistics
36:02 Fortified Wall
36:08 Masonry
35:40 Treadmill Crane
37:02 Chemistry
35:30 Crossbowman
35:57 Capped Ram
37:13 Bracer
39:19 Arbalester
39:20 Elite Skirmisher
42:33 Light Cavalry
43:56 Architecture
43:32 Siege Engineers
43:23 Murder Holes
47:05 Block Printing
fapastengames
1:12 Loom
13:05 Feudal Age
19:02 Castle Age
18:37 Wheelbarrow
21:38 Hand Cart
24:11 Double-Bit Axe
24:08 Horse Collar
24:21 Gold Mining
24:21 Stone Mining
29:35 Caravan
34:34 Imperial Age
32:02 Pikeman
32:42 Squires
32:30 Gambesons
32:31 Arson
33:41 Gold Shaft Mining
33:41 Stone Shaft Mining
33:20 Bow Saw
33:15 Heavy Plow
35:49 Husbandry
longwei
11:09 Feudal Age
16:53 Castle Age
16:38 Loom
18:29 Stone Mining
31:46 Imperial Age
29:06 Double-Bit Axe
29:03 Horse Collar
31:16 Wheelbarrow
30:55 Bow Saw
30:54 Heavy Plow
32:07 Scale Barding Armor
32:13 Forging
32:34 Redemption
32:50 Conscription
32:38 Fletching
33:10 Chain Barding Armor
33:44 Crop Rotation
33:54 Ironclad
33:49 Bloodlines
35:17 Chemistry
34:40 Ballistics
34:26 Gold Mining
35:12 Stone Shaft Mining
34:55 Hand Cart
34:43 Town Watch
34:42 Cavalier
35:51 Bodkin Arrow
35:57 Padded Archer Armor
38:34 Plate Barding Armor
38:35 Iron Casting
38:34 Paladin
Connection lost

Rejoining the realm…

Still unreachable

The connection could not be restored.

Session expired

The server has moved on; the page needs a fresh start.